 Dungeon Crawl Stone Soup version 0.22.1-6-g1668fe2c40 (webtiles) character file.

331 Kohma the Archer (level 6, -4/52 HPs)
             Began as a Centaur Hunter on Jan 21, 2019.
             Killed from afar by an orc wizard (8 damage)
             ... with a magic dart
             ... on level 4 of the Dungeon.
             The game lasted 00:13:43 (3724 turns).

Kohma the Archer (Centaur Hunter)                   Turns: 3724, Time: 00:13:43

Health: -4/52      AC:  6    Str: 15    XL:     6   Next: 26%
Magic:  6/6        EV: 10    Int: 10    God:
Gold:   191        SH:  0    Dex: 11    Spells: 5/5 levels left

rFire    + . .     SeeInvis .   b - +4 spear
rCold    + . .     Gourm    .   (no shield)
rNeg     . . .     Faith    .   y - +1 robe {rC+ rF+}
rPois    .         Spirit   .   (no helmet)
rElec    .         Reflect  .   (no cloak)
rCorr    .         Harm     .   e - +0 pair of gloves
MR       .....                  (no barding)
Stlth    +.........             (no amulet)
HPRegen  0.17/turn              (no ring)
MPRegen  0.10/turn              (no ring)

@: very quick
A: large, hooves 3, deformed body, speed 2, tough skin 3
a: no special abilities


You were on level 4 of the Dungeon.
You were not hungry.

You visited 1 branch of the dungeon, and saw 4 of its levels.

You collected 191 gold pieces.

Inventory:

Hand Weapons
 a - a +1 shortbow
 b - a +4 spear (weapon)
Missiles
 d - 35 arrows
 i - 41 stones
 v - 2 javelins (quivered)
Armour
 c - a +0 leather armour
 e - a +0 pair of gloves (worn)
 m - a +0 ring mail
 y - a +1 robe of resistance (worn)
Jewellery
 g - a cursed ring of teleportation {unknown}
 t - a +2 ring of protection {unknown}
Wands
 w - a wand of disintegration (13)
 C - a wand of random effects (28)
Scrolls
 h - a scroll of magic mapping {unknown}
 k - 4 scrolls of fear {unknown}
 o - 2 scrolls of remove curse {unknown}
 p - 4 scrolls of identify {unknown}
 r - a scroll of enchant weapon {unknown}
 x - a scroll of enchant armour {unknown}
Potions
 j - 2 potions of degeneration {unknown}
 l - 2 potions of mutation {unknown}
 n - 5 potions of heal wounds {unknown}
 q - 3 potions of curing {unknown}
 s - 2 potions of lignification {unknown}
 z - a potion of berserk rage {unknown}
 A - a potion of brilliance {unknown}
 B - a potion of ambrosia {unknown}
Comestibles
 f - 6 rations
 u - 12 chunks of flesh


   Skills:
 + Level 3.6 Fighting
 + Level 2.5 Polearms
 * Level 8.1 Bows
 - Level 1.3 Dodging
 - Level 0.4 Stealth


You had 5 spell levels left.
You didn't know any spells.
Your spell library was empty.

Dungeon Overview and Level Annotations

Branches:
Dungeon (4/15)
 Temple: D:4-7

Altars:
Ashenzari
Makhleb
Qazlal
Ru
Trog
Vehumet


Innate Abilities, Weirdness & Mutations

You have hooves in place of feet.
Armour fits poorly on your strangely shaped body.
You cover ground very quickly.
You have extremely tough skin. (AC +3)


Message History

The magic dart hits you! The orc wizard hits you with a dagger.
You hit the orc priest.
The orc priest is almost dead.
The orc priest mumbles some strange prayers to Beogh against you.
Pain shoots through your body! The orc wizard hits you with a dagger.
* * * LOW HITPOINT WARNING * * *
The orc priest mumbles some strange prayers to Beogh against you.
Pain shoots through your body!
* * * LOW HITPOINT WARNING * * *
The orc priest hits you but does no damage.
The orc priest casts a cantrip, but nothing happens.
The orc wizard gestures at you while chanting.
The magic dart hits you!
* * * LOW HITPOINT WARNING * * *
The orc wizard gestures at you while chanting.
The magic dart hits you!
* * * LOW HITPOINT WARNING * * *
The orc wizard points at you and mumbles some strange words.
The magic dart hits you!
You die...

.......#.#########.
..#.## #.
#.####.#.##........
#.#<.####. #.
#....)).......
#.#.......
#....#.......#
#.........
#....#.......# #
#..##.###.
#....#.......##.#
#..##..##.
#.####......... #..#
#.##. #.#
#.......######..# ..#.
#.# ######@##.......#
..>. ##.##
#.##.#####.# #.#.
#...# #.##.# #.#. #.#.
#...# ######.##.# #.#.
#.#. #...# #.o..o..#.#
#.#.##.#. #...#
#.#######.## #.#.##.#.
#...# #.# #....#
#.#.##.#.
#####...###o#####.#..#
#.#.#..รท.
.........##...#.).#..#
#.#.#....


You could see an orc wizard.

Vanquished Creatures
  A howler monkey (D:4)
  A crimson imp (D:4)
  3 iguanas
  Ijyb (D:3)
  4 adders
  An ooze (D:3)
  A worm (D:2)
  2 dart slugs (D:1)
  2 leopard geckos
  20 orcs
  A ball python (D:3)
  7 bats
  3 giant cockroaches
  6 goblins
  5 hobgoblins
  8 jackals
  8 kobolds
  6 frilled lizards
  6 rats
86 creatures vanquished.

Notes
Turn   | Place    | Note
-------+----------+-------------------------------------------
     0 | D:1      | Kohma the Centaur Hunter began the quest for the Orb.
     0 | D:1      | Reached XP level 1. HP: 17/17 MP: 1/1
   232 | D:1      | Reached XP level 2. HP: 24/24 MP: 2/2
   632 | D:1      | Reached skill level 6 in Bows
   825 | D:2      | Found a shattered altar of Ashenzari.
   866 | D:2      | Reached XP level 3. HP: 30/30 MP: 3/3
  1370 | D:2      | Reached skill level 1 in Polearms
  1639 | D:3      | Reached XP level 4. HP: 37/37 MP: 4/4
  2112 | D:3      | Noticed Ijyb
  2135 | D:3      | Killed Ijyb
  2135 | D:3      | Reached skill level 7 in Bows
  2502 | D:3      | Reached XP level 5. HP: 34/45 MP: 5/5
  2806 | D:3      | Found a stormy altar of Qazlal.
  3130 | D:4      | Found a bloodstained altar of Trog.
  3132 | D:4      | Found a sacrificial altar of Ru.
  3380 | D:4      | Found a burning altar of Makhleb.
  3381 | D:4      | Found a radiant altar of Vehumet.
  3521 | D:4      | Reached XP level 6. HP: 45/51 MP: 6/6
  3649 | D:4      | Reached skill level 8 in Bows
  3724 | D:4      | Killed from afar by an orc wizard

Skill      XL: |  1  2  3  4  5  6 |
---------------+-------------------+-----
Bows           | 6 7 8 |  8.1
Polearms       | 1 2 |  2.5
Fighting       | 3 |  3.6
Dodging        | |  1.3
Stealth        | |  0.4

Action                   |  1- 3 |  4- 6 || total
-------------------------+-------+-------++-------
Melee: Spear             |    82 |   179 ||   261
       Kick              |    11 |    30 ||    41
 Fire: Shortbow          |    12 |       ||    12
Throw: Javelin           |       |     2 ||     2
  Eat: Chunk             |     1 |     6 ||     7
Armor: Leather armour    |    11 |       ||    11
       Ring mail         |    17 |    49 ||    66
       Robe              |       |    10 ||    10
Dodge: Dodged            |    50 |    62 ||   112
